 Dungeon Crawl Stone Soup version 0.22-a0-596-gfbd32a6 (webtiles) character file.

11655 Hebeh the Basher (level 11, 0/97 HPs)
             Began as a Minotaur Fighter on July 4, 2018.
             Was a Believer of Trog.
             Splashed by a jelly's acid (3 damage)
             ... on level 11 of the Dungeon on July 5, 2018.
             The game lasted 00:49:32 (11963 turns).

Hebeh the Basher (Minotaur Fighter)                Turns: 11963, Time: 00:49:34

Health: 0/97       AC: 13    Str: 29    XL:     11   Next: 52%
Magic:  13/13      EV:  6    Int:  5    God:    Trog [**....]
Gold:   477        SH: 13    Dex:  9    Spells: 10/10 levels left

rFire    . . .     SeeInvis +   v - +2 mace "Ponam" {vamp, rElec MR++ Str+4}
rCold    . . .     Gourm    .   c - +1 shield
rNeg     . . .     Faith    .   k - +0 plate armour
rPois    .         Spirit   .   (helmet restricted)
rElec    +         Reflect  .   h - +0 cloak
rCorr    +         Harm     .   V - +0 pair of gloves
MR       ++...                  (no boots)
Stlth    ..........             m - amulet of the acrobat
HPRegen  0.26/turn              F - ring of see invisible
MPRegen  0.13/turn              T - ring of resist corrosion

@: about to teleport, corroded
A: retaliatory headbutt, horns 2
a: Berserk, Trog's Hand, Renounce Religion


You were on level 11 of the Dungeon.
You worshipped Trog.
Trog was pleased with you.
You were not hungry.

You visited 3 branches of the dungeon, and saw 13 of its levels.

You collected 719 gold pieces.
You spent 242 gold pieces at shops.

Inventory:

Hand Weapons
 a - a +0 war axe
 b - a +0 hunting sling
 u - a +2 whip of freezing
 v - the +2 mace "Ponam" (weapon) {vamp, rElec MR++ Str+4}
   (You found it on level 5 of the Dungeon)

   It inflicts no extra harm, but heals its wielder when it wounds a living foe.
   It affects your strength (+4).
   It insulates you from electricity.
   It affects your resistance to hostile enchantments.
Missiles
 g - 193 stones
 i - 10 javelins (quivered)
 y - 40 sling bullets
Armour
 c - a +1 shield (worn)
 h - a +0 cloak (worn)
 k - a +0 plate armour (worn)
 O - a +0 chain mail of fire resistance
 P - a +1 scale mail of positive energy
 V - a +0 pair of gloves (worn)
Jewellery
 m - an amulet of the acrobat (around neck)
 F - a ring of see invisible (left hand)
 T - a ring of resist corrosion (right hand)
Wands
 n - a wand of polymorph (68)
 E - a wand of iceblast (8)
 G - a wand of disintegration (10)
 L - a wand of random effects (28)
 R - a wand of clouds (9)
Scrolls
 e - a scroll of magic mapping {unknown}
 o - 2 scrolls of enchant armour
 p - 2 scrolls of blinking
 q - 4 scrolls of remove curse
 r - 3 scrolls of teleportation
 t - 2 scrolls of fear
 C - a scroll of noise {unknown}
 D - 4 scrolls of immolation {unknown}
 H - 5 scrolls of identify
 I - 2 scrolls of fog {unknown}
 K - a scroll of torment {unknown}
 N - a scroll of enchant weapon {unknown}
Potions
 d - 2 potions of might
 j - 3 potions of haste
 l - a potion of magic {unknown}
 s - 4 potions of heal wounds
 w - 2 potions of degeneration {unknown}
 x - 3 potions of invisibility
 z - a potion of agility
 A - a potion of berserk rage
 B - 2 potions of curing {unknown}
 J - a potion of flight {unknown}
 Q - 2 potions of brilliance {unknown}
Miscellaneous
 S - a lamp of fire
Comestibles
 f - 18 rations
 M - 4 chunks of flesh


   Skills:
 + Level 9.4 Fighting
 - Level 7.2(9.6) Axes
 * Level 10.0(10.9) Maces & Flails
 + Level 3.3(5.4) Slings
 - Level 6.1(6.4) Throwing
 + Level 9.4 Armour
 + Level 9.2 Shields
 + Level 5.3 Evocations


You had 10 spell levels left.
You didn't know any spells.
Your spell library contained the following spells:

 Spells                   Type           Power        Failure   Level  Hunger
 Confuse                  Hex            #.......     100%        3    ####...
 Confusing Touch          Hex            #.....       100%        1    ##.....
 Metabolic Englaciation   Hex/Ice        #.........   100%        5    ######.
 Petrify                  Tmut/Erth      #.......     100%        4    #####..
 Gell's Gravitas          Tloc           #.........   100%        3    ####...
 Yara's Violent Unravell  Hex/Tmut       #.........   100%        5    ######.


Dungeon Overview and Level Annotations

Branches:
Dungeon (11/15)            Temple (1/1) D:7            Lair (1/6) D:8
    Orc: D:9-12

Altars:
Ashenzari
Cheibriados
Fedhas
Gozag
Kikubaaqudgha
Makhleb
Nemelex Xobeh
Okawaru
Qazlal
Ru
Trog
Vehumet
Wu Jian
Xom
Yredelemnul
Zin

Shops:
D:5 !   D:7 [   D:8 =

Annotations:
D:7 3 runed doors, Deathmic's ghost, novice DECj
D:11 Snorg


Innate Abilities, Weirdness & Mutations

You reflexively headbutt those who attack you in melee.
You have a pair of horns on your head.


Message History

Snorg is moderately wounded.
You block Snorg's attack. Snorg claws you.
* * * LOW HITPOINT WARNING * * *
Snorg claws you!
* * * LOW HITPOINT WARNING * * *
You sock Snorg!
Snorg is moderately wounded.
Snorg barely misses you. Snorg claws you.
* * * LOW HITPOINT WARNING * * *
Snorg claws you but does no damage. You block the jelly's attack.
Snorg bites you.
* * * LOW HITPOINT WARNING * * *
Snorg claws you but does no damage. x2
As you read the scroll of teleportation, it crumbles to dust.
You feel strangely unstable. Snorg bites you!
* * * LOW HITPOINT WARNING * * *
You block Snorg's attack. x2; The jelly hits you.
* * * LOW HITPOINT WARNING * * *
The acid corrodes you!
You are splashed with acid!
The acid burns!
You resist.
You die...

#.# #........ #.#
#........ #####.#
#...#####
#.....#######...#
#.........).....#
#...............#
#...............# #
#...J.............. .
#..Y@................
#..YT##'#######....##
#...Y#........#....#
#....#........+....#
#....#........#....
#....##########....##
#....................
#....................
#....................


You could see Snorg (berserk), 3 yaks and a jelly.

Vanquished Creatures
  2 two-headed ogres
  Pikel (D:4)
  Joseph (D:8)
  A black mamba (Lair:1)
  2 spiny frogs (Lair:1)
  A rime drake (Lair:1)
  A komodo dragon (Lair:1)
  2 trolls
  A hornet (D:10)
  A slime creature (Lair:1)
  2 hippogriffs
  3 yaks (D:9)
  2 basilisks (Lair:1)
  Menkaure (D:6)
  Duvessa (D:4)
  2 water moccasins (Lair:1)
  2 porcupines (Lair:1)
  3 orc warriors
  3 black bears
  2 sky beasts (D:7)
  A hornet zombie (D:7)
  4 ice beasts
  A slave (D:4)
  2 eyes of draining
  2 ogres
  5 centaurs
  4 crocodiles
  2 big kobolds
  9 bullfrogs
  Dowan (D:4)
  5 scorpions
  5 jellies
  7 killer bees
  4 wights (D:7)
  A howler monkey (D:7)
  2 crimson imps
  A quasit (D:7)
  A bullfrog zombie (D:6)
  A centaur zombie (D:7)
  5 bullfrog skeletons
  7 hounds
  Crazy Yiuf (D:2)
  5 orc priests
  11 orc wizards
  A gnoll shaman (D:8)
  2 iguanas
  11 worker ants
  A hound skeleton (D:5)
  A hound zombie (D:4)
  A worker ant zombie (D:6)
  11 gnolls
  A howler monkey skeleton (D:4)
  10 adders
  A shadow imp (D:7)
  14 oozes
  4 worms
  A dart slug (D:2)
  A leopard gecko (D:6)
  31 orcs
  10 bats
  6 giant cockroaches
  13 goblins
  10 hobgoblins
  8 jackals
  20 kobolds
  8 quokkas
  10 frilled lizards
  A quokka zombie (D:5)
  11 rats
  2 fungi (Lair:1)
  2 plants (Lair:1)
313 creatures vanquished.

Vanquished Creatures (others)
  An adder skeleton (D:4)
  A worm (D:4)
  6 fungi (Lair:1)
8 creatures vanquished.

Grand Total: 321 creatures vanquished

Notes
Turn   | Place    | Note
-------+----------+-------------------------------------------
     0 | D:1      | Hebeh the Minotaur Fighter began the quest for the Orb.
     0 | D:1      | Reached XP level 1. HP: 19/19 MP: 0/0
    97 | D:1      | Reached XP level 2. HP: 23/27 MP: 1/1
   384 | D:1      | Reached XP level 3. HP: 33/33 MP: 2/2
   922 | D:2      | Reached XP level 4. HP: 40/40 MP: 3/3
  1035 | D:2      | Found a runed door.
  1229 | D:2      | Found a radiant altar of Vehumet.
  1383 | D:2      | Noticed Crazy Yiuf
  1387 | D:2      | Killed Crazy Yiuf
  1387 | D:2      | Reached skill level 1 in Throwing
  1840 | D:3      | Reached XP level 5. HP: 43/47 MP: 4/4
  2017 | D:3      | Found a burning altar of Makhleb.
  2410 | D:4      | Noticed an ogre
  2415 | D:4      | Killed an ogre
  2415 | D:4      | Reached XP level 6. HP: 48/55 MP: 5/5
  2430 | D:4      | Noticed Pikel
  2434 | D:4      | Noticed a slave
  2435 | D:4      | Noticed a slave
  2438 | D:4      | Noticed a slave
  2448 | D:4      | Killed a slave
  2450 | D:4      | Noticed a slave
  2456 | D:4      | Killed Pikel
  2456 | D:4      | Reached skill level 5 in Fighting
  2456 | D:4      | Reached skill level 5 in Armour
  2456 | D:4      | Reached skill level 5 in Shields
  2456 | D:4      | Reached XP level 7. HP: 40/61 MP: 6/6
  2636 | D:4      | Noticed Dowan
  2636 | D:4      | Noticed Duvessa
  2651 | D:4      | Killed Duvessa
  2659 | D:4      | Killed Dowan
  3153 | D:5      | Entered Level 5 of the Dungeon
  3184 | D:5      | Reached XP level 8. HP: 50/70 MP: 7/7
  3482 | D:5      | Found Udukhit's Distillery.
  3485 | D:5      | Bought a potion of agility for 44 gold pieces
  3485 | D:5      | Bought a potion of heal wounds for 55 gold pieces
  3485 | D:5      | Bought a potion of invisibility for 88 gold pieces
  3485 | D:5      | Bought a potion of heal wounds for 55 gold pieces
  3629 | D:5      | Found a stormy altar of Qazlal.
  3630 | D:5      | Noticed an air elemental
  3639 | D:5      | Reached skill level 1 in Maces & Flails
  3679 | D:5      | Got a brightly glowing mace
  3699 | D:5      | Identified the cursed +2 mace "Ponam" {vamp, rElec MR++ Str+4} (You found it on level 5 of the Dungeon)
  4458 | D:6      | Noticed Menkaure
  4463 | D:6      | Killed Menkaure
  4463 | D:6      | Reached skill level 2 in Maces & Flails
  4463 | D:6      | Reached skill level 1 in Evocations
  4483 | D:6      | Found an iron altar of Okawaru.
  4517 | D:6      | Reached skill level 3 in Maces & Flails
  4821 | D:6      | Reached XP level 9. HP: 78/78 MP: 9/9
  4839 | D:6      | Reached skill level 4 in Maces & Flails
  5159 | D:6      | Found a snail-covered altar of Cheibriados.
  5457 | D:7      | Found a blossoming altar of Fedhas.
  5574 | D:7      | Reached skill level 5 in Maces & Flails
  5686 | D:7      | Found Faig's Antique Armour Shoppe.
  5713 | D:7      | Reached skill level 5 in Throwing
  5775 | D:7      | Reached skill level 6 in Maces & Flails
  5875 | D:7      | Found a staircase to the Ecumenical Temple.
  5968 | Temple   | Entered the Ecumenical Temple
  5999 | Temple   | Became a worshipper of Trog the Wrathful
  6076 | D:7      | Found a runed gate.
  6076 | D:7      | Found a runed gate.
  6076 | D:7      | Found a runed gate.
  6076 | D:7      | Noticed Deathmic's ghost (novice DECj)
  6356 | D:8      | Noticed Joseph
  6374 | D:8      | Killed Joseph
  6374 | D:8      | Reached XP level 10. HP: 36/88 MP: 11/11
  6540 | D:8      | Reached skill level 7 in Maces & Flails
  6938 | D:8      | Reached * piety under Trog
  6957 | D:8      | Found Zojumm's Jewellery Shoppe.
  7107 | D:8      | Found a staircase to the Lair.
  7379 | D:8      | Found a shattered altar of Ashenzari.
  7539 | D:8      | Upgraded the game from 0.22-a0-587-g7d32d7c to 0.22-a0-596-gfbd32a6
  7585 | Lair:1   | Entered Level 1 of the Lair of Beasts
  7820 | Lair:1   | Reached skill level 8 in Maces & Flails
  8082 | Lair:1   | Noticed a spiny frog
  8094 | Lair:1   | Killed a spiny frog
  8138 | Lair:1   | Noticed a black mamba
  8155 | Lair:1   | Killed a black mamba
  8155 | Lair:1   | Reached skill level 1 in Slings
  8569 | Lair:1   | Noticed a spiny frog
  8581 | Lair:1   | Killed a spiny frog
  8956 | Lair:1   | Reached XP level 11. HP: 84/95 MP: 13/13
  9177 | Lair:1   | Reached skill level 9 in Maces & Flails
  9186 | Lair:1   | Reached ** piety under Trog
 10177 | D:9      | Noticed a two-headed ogre
 10190 | D:9      | Killed a two-headed ogre
 10190 | D:9      | Reached skill level 5 in Evocations
 10390 | D:9      | Found an opulent altar of Gozag.
 10800 | D:10     | Entered Level 10 of the Dungeon
 11881 | D:11     | Noticed a two-headed ogre
 11892 | D:11     | Killed a two-headed ogre
 11892 | D:11     | Reached skill level 10 in Maces & Flails
 11943 | D:11     | Noticed Snorg
 11963 | D:11     | HP: 4/97 [Snorg (7)]
 11963 | D:11     | Splashed by a jelly's acid

Vault maps used:
D:1:      dpeg_arrival_subterranean_lakeside_camping
D:2:      lemuel_coloured_pillars_altar, uniq_crazy_yiuf_cottage
D:3:      serial_bayou, serial_bayou_pond_b, serial_bayou_lagoon_a,
          serial_bayou_pond_a, serial_bayou_shore_a, bloody_makhleb
D:4:      first_ration, uniq_duvessa, uniq_pikel
D:5:      serial_shops, kennysheep_mini_moat, minmay_crystal_room,
          nicolae_qazlal_style_of_elements
D:6:      slow_altar_2, okawaru_metal_pillars_1_2, uniq_menkaure
D:7:      lemuel_doored_altar, minmay_temple_entry_junction_2,
          gammafunk_ghost_necromancy, serial_shops, shop
D:8:      nicolae_ashenzari_panopticon, lair_entry_dummy, serial_shops,
          kennysheep_mini, uniq_joseph
D:9:      old_standard_altar, serial_curves, eino_curves_02, eino_curves_03
D:11:     hangedman_pestilent_swarm, uniq_psyche, uniq_snorg
Temple:   regret_index_temple_sphere_string
Lair:1:   lemuel_slime, hibernation_bobbens, lemuel_fruit_tree

Skill      XL: |  1  2  3  4  5  6  7  8  9 10 11 |
---------------+----------------------------------+-----
Axes           | 3 4 6 7 |  7.2
Fighting       | 4 5 6 7 8 9 |  9.4
Armour         | 4 5 6 7 8 9 |  9.4
Shields        | 4 5 6 7 8 9 |  9.2
Throwing       | 1 2 3 4 5 6 |  6.1
Maces & Flails | 3 6 8 10 | 10.0
Evocations     | 1 3 4 5 |  5.3
Slings         | 1 3 |  3.3

Action                   |  1- 3 |  4- 6 |  7- 9 | 10-12 || total
-------------------------+-------+-------+-------+-------++-------
Melee: War axe           |    95 |   135 |    41 |       ||   271
       Headbutt          |    12 |    18 |    78 |   124 ||   232
       Whip              |       |       |    37 |       ||    37
       Mace              |       |       |   241 |   512 ||   753
Throw: Javelin           |     1 |       |       |     4 ||     5
Invok: Berserk           |       |       |       |     1 ||     1
       Trog's Hand       |       |       |       |     1 ||     1
  Use: Scroll            |       |       |    10 |     2 ||    12
       Potion            |       |       |       |     2 ||     2
  Eat: Chunk             |       |     5 |    11 |     8 ||    24
       Ration            |       |       |     2 |     5 ||     7
Armor: Scale mail        |    16 |       |       |    15 ||    31
       Plate armour      |    31 |    90 |   176 |   189 ||   486
Dodge: Dodged            |    30 |    24 |    93 |   119 ||   266
Block: Shield            |    63 |    65 |   201 |   336 ||   665

Table legend:
 A = Spawn XP
 B = Non-spawn XP
 C = Spawn XP percentage of total XP
 D = Spawn monster count
 E = Non-spawn monster count
 F = Spawn count percentage of total count
 G = Total turns spent on level
                    A         B        C        D         E        F      G
               +---------+---------+-------+---------+---------+-------+---------
         Total |       0 |   16651 |   0.0 |       0 |     308 |   0.0 | 11963
               +---------+---------+-------+---------+---------+-------+---------
           D:1 |       0 |      51 |   0.0 |       0 |      33 |   0.0 |   627
           D:2 |       0 |     108 |   0.0 |       0 |      23 |   0.0 |   971
           D:3 |       0 |      86 |   0.0 |       0 |      27 |   0.0 |   791
           D:4 |       0 |    1143 |   0.0 |       0 |      16 |   0.0 |   764
           D:5 |       0 |     560 |   0.0 |       0 |      14 |   0.0 |  1175
           D:6 |       0 |    1086 |   0.0 |       0 |      25 |   0.0 |  1109
           D:7 |       0 |    2145 |   0.0 |       0 |      36 |   0.0 |   805
           D:8 |       0 |    2286 |   0.0 |       0 |      46 |   0.0 |  1350
           D:9 |       0 |    2992 |   0.0 |       0 |      38 |   0.0 |  1290
          D:10 |       0 |    1067 |   0.0 |       0 |      10 |   0.0 |   811
          D:11 |       0 |    1049 |   0.0 |       0 |       6 |   0.0 |   258
        Lair:1 |       0 |    4078 |   0.0 |       0 |      34 |   0.0 |  1955
               +---------+---------+-------+---------+---------+-------+---------
